 Dungeon Crawl Stone Soup version 0.20.1-1-g8b1a95d (webtiles) character file.

17157 Mesmaeker13 the Geomancer (level 12, -10/64 HPs)
             Began as a Gargoyle Earth Elementalist on July 25, 2017.
             Was an Elder of Vehumet.
             Mangled by an ice devil (11 damage)
             ... on level 3 of the Lair of Beasts on July 26, 2017.
             The game lasted 00:44:19 (12646 turns).

Mesmaeker13 the Geomancer (GrEE)                   Turns: 12646, Time: 00:44:20

Health: -10/64     AC: 20    Str: 12    XL:     12   Next: 45%
Magic:  8/24       EV: 13    Int: 21    God:    Vehumet [****..]
Gold:   827        SH:  0    Dex: 10    Spells: 10/27 levels left

rFire    + . .     SeeInvis .   x - +2 flail (crush)
rCold    . . .     Gourm    .   (no shield)
rNeg     + . .     Faith    .   w - +3 leather armour
rPois    ∞         Spirit   .   a - +0 helmet
rElec    +         Reflect  .   A - +0 cloak
rCorr    .         Harm     .   v - +0 pair of gloves
MR       +....                  (no boots)
Stlth    ++........             P - amulet of regeneration
Regen    0.6/turn               p - ring of protection from fire
MPRegen  0.2/turn               l - ring of protection from magic

@: slowed, very slow
A: big wings, mutation resistance 1, negative energy resistance 1, sense
surroundings 1, robust 1, electricity resistance, unbreathing, petrification
resistance, rot immunity, AC +8
a: Fly, Renounce Religion


You were on level 3 of the Lair of Beasts.
You worshipped Vehumet.
Vehumet was greatly pleased with you.
You were not hungry.

You visited 3 branches of the dungeon, and saw 14 of its levels.

You collected 827 gold pieces.

Inventory:

Hand Weapons
 e - a +3 dagger
 x - a +2 flail of crushing (weapon)
 K - a +2 dagger of venom
Missiles
 b - 65 stones (quivered)
Armour
 a - a +0 helmet (worn)
 g - a cursed +0 shield
 v - a +0 pair of gloves (worn)
 w - a +3 leather armour (worn)
 A - a +0 cloak (worn)
Jewellery
 l - a ring of protection from magic (right hand)
 p - a ring of protection from fire (left hand)
 s - a cursed amulet of inaccuracy {unknown}
 F - an uncursed amulet of guardian spirit {unknown}
 M - an uncursed ring of protection from fire
 P - an amulet of regeneration (around neck)
Wands
 u - a wand of polymorph (8/24)
 G - a wand of digging (8/24)
Scrolls
 c - a scroll of fear
 h - a scroll of blinking {unknown}
 i - a scroll of holy word {unknown}
 j - 3 scrolls of remove curse
 q - 4 scrolls of recharging
 C - 5 scrolls of teleportation
 D - a scroll of fog
 H - 2 scrolls of magic mapping
 N - a scroll of vulnerability {unknown}
 R - a scroll of amnesia
Potions
 f - 2 potions of cancellation
 k - 2 potions of agility
 m - a potion of curing
 n - a potion of mutation
 r - 2 potions of haste {unknown}
 z - a potion of brilliance
 J - a potion of invisibility {unknown}
 L - 2 potions of heal wounds {unknown}
 Q - a potion of lignification {unknown}
Comestibles
 d - 6 bread rations
 o - 2 meat rations


   Skills:
 + Level 9.0 Armour
 - Level 5.0 Dodging
 - Level 2.1 Stealth
 - Level 8.2 Spellcasting
 - Level 10.0 Conjurations
 + Level 2.8 Translocations
 - Level 5.0 Transmutations
 + Level 12.2 Earth Magic


You had 10 spell levels left.
You knew the following spells:

 Your Spells              Type           Power        Failure   Level  Hunger
a - Sandblast             Erth           ######       1%          1    None
b - Stone Arrow           Conj/Erth      ######       1%          3    None
c - Sticks to Snakes      Tmut           ####....     1%          2    None
d - Passwall              Tmut/Erth      #####.....   1%          2    None
e - Lee's Rapid Deconstr  Erth           ######....   1%          5    #####..
f - Force Lance           Conj/Tloc      #####...     1%          4    ###....


Dungeon Overview and Level Annotations

Branches:
Dungeon (10/15)            Temple (1/1) D:7            Lair (3/6) D:8
  Swamp: Lair:2-4    Shoals: Lair:2-4     Snake: Lair:2-4    Spider: Lair:2-4
    Orc: D:9-12

Altars:
Ashenzari
Cheibriados
Dithmenos
Elyvilon
Fedhas
Gozag
Hepliaklqana
Kikubaaqudgha
Makhleb
Nemelex Xobeh
Okawaru
Qazlal
Ru
Sif Muna
Trog
Uskayaw
Vehumet
Xom
Yredelemnul
Zin
The Shining One

Annotations:
D:5 Prince Ribbit


Innate Abilities, Weirdness & Mutations

You are resistant to torment.
Your stone body is resilient. (AC +8)
You are immune to poison.
You resist negative energy. (rN+)
You are resistant to electric shocks. (rElec)
You can survive without breathing.
You are immune to petrification.
You are immune to rotting.
Your large and strong wings let you fly indefinitely.
You are somewhat resistant to further mutation.
You passively map a small area around you.
You are robust. (+10% HP)


Message History

Casting: Sandblast
Confirm with . or Enter, or press ? or * to list all spells.
Aiming: Sandblast
Press: ? - help, Shift-Dir - straight line, f/p - ice devil
Aim: an ice devil (heavily wounded)
The blast of sand hits the ice devil.
The ice devil is heavily wounded.
b - 65 stones The ice devil hits you but does no damage.
Being near the torpor snail leaves you feeling lethargic.
The ice devil closely misses you.
You hear the faint crackling of a melting archway nearby.
The ice devil barely misses you. The ice devil hits you!
* * * LOW HITPOINT WARNING * * *
The ice devil freezes you!
* * * LOW HITPOINT WARNING * * *
The ice devil hits you.
* * * LOW HITPOINT WARNING * * *
The ice devil freezes you!
You die...

#.## #...#####...#..## * ..#
#...............# ,
..###+#'###..............#(*
...........................
............<.....<........
..........................#,
,
.........................#.
#P.#.####.......#..###...# ,
## #+ #..4@.###..# ....# * ,
##...w## #P.# *...#. .,,
#.....# ...# ..#
,...,#.....# ...# *
,,....##....# . ,
..........#...# * *
P.#.##......... * #
,#....#.PP# , ......#.w(# ,
,


You could see a torpor snail and an ice devil.

Vanquished Creatures
  Snorg (D:10)
  Erolcha (D:9)
  A hydra (Lair:1)
  4 two-headed ogres
  Sonja (D:10)
  A black mamba (Lair:2)
  2 spiny frogs
  An ice devil (Lair:3)
  A troll (D:9)
  A hornet (D:7)
  2 hippogriffs
  3 blink frogs (Lair:2)
  A shadow (D:10)
  A wyvern (D:10)
  Sigmund (D:4)
  Grum (D:8)
  3 fire bats (Lair:2)
  A spriggan (D:8)
  A hungry ghost (D:10)
  A basilisk (Lair:1)
  A steam dragon (D:8)
  Edmund (D:4)
  3 porcupines (Lair:2)
  An ice beast (D:9)
  A water moccasin (D:7)
  A necrophage (D:6)
  3 orc warriors
  A sky beast (D:8)
  10 ogres
  3 phantoms
  3 wolves (D:8)
  5 centaurs
  2 crocodiles (Lair:1)
  6 big kobolds
  9 bullfrogs
  A wyvern zombie (D:10)
  A water moccasin zombie (D:6)
  6 scorpions
  19 killer bees
  18 wights
  5 electric eels
  2 howler monkeys (D:8)
  A crimson imp (D:10)
  A lava snake (Lair:2)
  A jelly (D:9)
  A bullfrog zombie (D:5)
  2 quasits
  5 hounds
  5 orc priests
  A bullfrog skeleton (D:7)
  4 orc wizards
  A centaur skeleton (D:7)
  3 iguanas
  Ijyb (D:5)
  Jessica (D:3)
  6 worker ants
  2 killer bee zombies
  2 hound zombies
  A hound skeleton (D:3)
  3 worker ant zombies
  2 howler monkey zombies
  16 adders
  15 gnolls
  A shadow imp (D:8)
  An ooze (D:3)
  An adder skeleton (D:7)
  A worm (D:4)
  8 leopard geckos
  37 orcs
  12 bats
  6 giant cockroaches
  37 goblins
  27 hobgoblins
  11 jackals
  11 kobolds
  6 quokkas
  3 ball pythons
  5 frilled lizards
  A leopard gecko zombie (D:5)
  2 rats (D:2)
  A fire vortex (Lair:2)
376 creatures vanquished.

Vanquished Creatures (collateral kills)
  An orc priest (D:4)
  An adder (D:4)
  An orc (D:4)
  A jackal (D:5)
  A kobold (D:3)
5 creatures vanquished.

Vanquished Creatures (others)
  A plant (Lair:3)
1 creature vanquished.

Grand Total: 382 creatures vanquished

Notes
Turn   | Place    | Note
-------+----------+-------------------------------------------
     0 | D:1      | Mesmaeker13 the Gargoyle Earth Elementalist began the quest for the Orb.
     0 | D:1      | Reached XP level 1. HP: 10/10 MP: 3/3
   274 | D:1      | Reached XP level 2. HP: 12/15 MP: 5/5
   482 | D:1      | Reached skill level 4 in Earth Magic
   704 | D:1      | Reached XP level 3. HP: 11/19 MP: 3/6
  1169 | D:2      | Learned a level 3 spell: Stone Arrow
  1757 | D:2      | Reached skill level 1 in Conjurations
  1757 | D:2      | Reached XP level 4. HP: 24/24 MP: 6/8
  2003 | D:3      | Learned a level 2 spell: Sticks to Snakes
  2121 | D:3      | Reached skill level 1 in Transmutations
  2333 | D:3      | Noticed Jessica
  2355 | D:2      | Reached XP level 5. HP: 18/28 MP: 0/9
  2478 | D:3      | Noticed a phantom
  2515 | D:3      | Killed a phantom
  2515 | D:3      | Reached skill level 5 in Earth Magic
  2662 | D:3      | Reached XP level 6. HP: 30/32 MP: 8/10
  2779 | D:3      | Killed Jessica
  3252 | D:4      | Reached XP level 7. HP: 23/36 MP: 3/12
  3508 | D:4      | Gained mutation: You are robust. (+10% HP) [potion of mutation]
  3508 | D:4      | Gained mutation: You passively map a small area around you. [potion of mutation]
  3508 | D:4      | Gained mutation: You are somewhat resistant to further mutation. [potion of mutation]
  3508 | D:4      | Gained mutation: Your large and strong wings let you fly indefinitely. [potion of mutation]
  3719 | D:4      | Found a blossoming altar of Fedhas.
  3797 | D:4      | Noticed Edmund
  3812 | D:4      | Killed Edmund
  4040 | D:4      | Found a glowing golden altar of the Shining One.
  4108 | D:5      | Entered Level 5 of the Dungeon
  4108 | D:5      | Noticed Sigmund
  4113 | D:4      | Killed Sigmund
  4113 | D:4      | Reached skill level 6 in Earth Magic
  4119 | D:4      | Reached XP level 8. HP: 45/45 MP: 4/14
  4465 | D:5      | Found a glowing golden altar of the Shining One.
  4512 | D:5      | Noticed Ijyb
  4537 | D:5      | Killed Ijyb
  4758 | D:5      | Noticed Prince Ribbit
  5271 | D:6      | Reached skill level 7 in Earth Magic
  5586 | D:6      | Reached skill level 5 in Conjurations
  5586 | D:6      | Reached XP level 9. HP: 38/49 MP: 8/16
  5718 | D:6      | Reached skill level 5 in Spellcasting
  5739 | D:6      | Learned a level 2 spell: Passwall
  5901 | D:6      | Reached skill level 5 in Dodging
  6183 | D:6      | Reached skill level 1 in Armour
  6702 | D:6      | Reached skill level 8 in Earth Magic
  6981 | D:7      | Noticed a hornet
  6990 | D:7      | Killed a hornet
  7197 | D:7      | Reached skill level 5 in Transmutations
  7284 | D:7      | Reached XP level 10. HP: 40/55 MP: 9/17
  7363 | D:7      | Found a sacrificial altar of Ru.
  7519 | D:7      | Found a staircase to the Ecumenical Temple.
  7530 | Temple   | Entered the Ecumenical Temple
  7552 | Temple   | Became a worshipper of Vehumet
  7704 | D:7      | Got a transparent whip
  7705 | D:7      | Identified the +6 whip of Virghiag {antimagic, rC+} (You found it on level 7 of the Dungeon)
  7878 | D:8      | Learned a level 5 spell: Lee's Rapid Deconstruction
  7889 | D:8      | Found a staircase to the Lair.
  8224 | D:8      | Reached * piety under Vehumet
  8224 | D:8      | Offered knowledge of Magic Dart by Vehumet.
  8224 | D:8      | Reached skill level 9 in Earth Magic
  8325 | D:8      | Noticed a two-headed ogre
  8336 | D:8      | Killed a two-headed ogre
  8373 | D:8      | Reached skill level 5 in Armour
  8427 | D:8      | Noticed Grum
  8438 | D:8      | Killed Grum
  9018 | D:9      | Noticed a two-headed ogre
  9033 | D:9      | Killed a two-headed ogre
  9033 | D:9      | Reached skill level 10 in Earth Magic
  9033 | D:9      | Reached XP level 11. HP: 59/59 MP: 7/21
  9053 | D:9      | Noticed Erolcha
  9104 | D:9      | Found a hazy altar of Hepliaklqana.
  9104 | D:9      | Found a white marble altar of Elyvilon.
  9200 | D:9      | Offered knowledge of Throw Flame by Vehumet.
  9228 | D:9      | Reached ** piety under Vehumet
  9382 | D:9      | Killed Erolcha
  9408 | D:9      | Noticed a two-headed ogre
  9632 | D:9      | Killed a two-headed ogre
  9775 | D:9      | Offered knowledge of Dazzling Spray by Vehumet.
 10049 | D:10     | Entered Level 10 of the Dungeon
 10061 | D:10     | Reached *** piety under Vehumet
 10303 | D:10     | Offered knowledge of Sticky Flame by Vehumet.
 10312 | D:10     | Reached skill level 11 in Earth Magic
 10512 | D:10     | Noticed Snorg
 10519 | D:10     | Killed Snorg
 10644 | D:10     | Reached **** piety under Vehumet
 10701 | D:10     | Noticed Sonja
 10714 | D:10     | Killed Sonja
 10933 | D:8      | Noticed a two-headed ogre
 10941 | D:8      | Killed a two-headed ogre
 10941 | D:8      | Reached XP level 12. HP: 21/64 MP: 15/24
 11028 | D:8      | Offered knowledge of Force Lance by Vehumet.
 11157 | Lair:1   | Entered Level 1 of the Lair of Beasts
 11336 | Lair:1   | Reached skill level 10 in Conjurations
 11342 | Lair:1   | Learned a level 4 spell: Force Lance
 11387 | Lair:1   | Noticed a four-headed hydra
 11394 | Lair:1   | Killed a four-headed hydra
 11394 | Lair:1   | Reached skill level 1 in Translocations
 11949 | Lair:2   | Reached skill level 12 in Earth Magic
 12646 | Lair:3   | HP: 1/64 [ice devil (4)]
 12646 | Lair:3   | Mangled by an ice devil

Skill      XL: |  1  2  3  4  5  6  7  8  9 10 11 12 |
---------------+-------------------------------------+-----
Earth Magic    | 4 5 6 7 8 10 11 12 | 12.2
Dodging        | 2 3 4 5 |  5.0
Conjurations   | 1 2 3 5 6 8 9 10 | 10.0
Transmutations | 1 2 3 5 |  5.0
Spellcasting   | 3 4 5 6 8 |  8.2
Armour         | 3 5 7 9 |  9.0
Translocations | 2 |  2.8
Stealth        | |  2.1

Action                   |  1- 3 |  4- 6 |  7- 9 | 10-12 || total
-------------------------+-------+-------+-------+-------++-------
Melee: Short sword       |    22 |       |       |       ||    22
       Dagger            |    85 |    99 |    26 |       ||   210
       Flail             |       |       |   162 |   152 ||   314
Throw: Stone             |       |     2 |     3 |       ||     5
       Throwing net      |       |       |       |     3 ||     3
 Cast: Sandblast         |    39 |    51 |   132 |   241 ||   463
       Stone Arrow       |       |    11 |    43 |    80 ||   134
       Sticks to Snakes  |       |     3 |    14 |       ||    17
       Lee's Rapid Decon |       |       |       |     5 ||     5
Evoke: Wand              |       |       |     4 |       ||     4
  Use: Scroll            |     7 |     5 |     4 |     7 ||    23
       Potion            |       |       |     5 |     1 ||     6
 Stab: Sleeping          |     2 |     1 |       |     1 ||     4
  Eat: Chunk             |     3 |     6 |    12 |    19 ||    40
       Fruit             |       |       |     5 |       ||     5
Armor: Robe              |    54 |    92 |   123 |    42 ||   311
       Leather armour    |       |       |       |    76 ||    76
Dodge: Dodged            |   103 |   114 |   262 |   268 ||   747
